 Dungeon Crawl Stone Soup version 0.30.1-11-g7821555f0a (webtiles) character file.

Game seed: 12541152170743859063

2270 Curundu the Cleaver (level 9, 0/71 HPs)
             Began as a Minotaur Berserker on Jan 16, 2024.
             Was a Believer of Trog.
             Slain by an unseen horror (2 damage)
             ... on level 6 of the Dungeon.
             The game lasted 00:24:22 (5669 turns).

Curundu the Cleaver (Minotaur Berserker)            Turns: 5669, Time: 00:24:23

Health: 0/71       AC: 14    Str: 26    XL:     9   Next: 16%
Magic:  8/8        EV:  9    Int:  4    God:    Trog [**....]
Gold:   347        SH:  0    Dex: 10    Spells: 8/8 levels left

rFire   . . .        f - +5 quarterstaff (chaos)
rCold   . . .        (shield currently unavailable)
rNeg    . . .        i - +0 chain mail
rPois   .            (helmet restricted)
rElec   .            j - +2 cloak
rCorr   .            (no gloves)
SInv    .            q - +1 pair of boots
Will    .....        (no amulet) Stlth
                     (no ring)
HPRegen 0.31/turn    (no ring)
MPRegen 0.11/turn

%: no passive effects
@: invisible (expiring)
A: horns 2, retaliatory headbutt
a: Renounce Religion, Berserk, Trog's Hand


You were on level 6 of the Dungeon.
You worshipped Trog.
Trog was pleased with you.
You visited 1 branch of the dungeon, and saw 6 of its levels.

You collected 347 gold pieces.

Inventory:

Hand Weapons
 a - a +0 hand axe of freezing
 f - a +5 quarterstaff of chaos (weapon)
Missiles
 e - 10 poisoned darts
Armour
 i - a +0 chain mail (worn)
 j - a +2 cloak (worn)
 q - a +1 pair of boots (worn)
Jewellery
 o - a ring of flight
Wands
 b - a wand of flame (12) (quivered)
 r - a wand of mindburst (24)
Scrolls
 g - 2 scrolls of identify
 m - a scroll of enchant weapon
 n - a scroll of enchant armour
 s - a scroll of poison {unknown}
 t - 2 scrolls of immolation
 u - a scroll of teleportation
 w - a scroll of acquirement {unknown}
Potions
 c - 2 potions of mutation
 h - a potion of flight
 k - a potion of attraction
 l - 2 potions of cancellation
 p - a potion of brilliance


   Skills:
 - Level 3.7 Fighting
 + Level 14.7 Axes
 - Level 2.4 Armour
 - Level 2.2 Dodging


You had 8 spell levels left.
You didn't know any spells.
Your spell library was empty.

Dungeon Overview and Level Annotations

Branches:
Dungeon (6/15)             Temple (0/1) D:6

Altars:
Ashenzari
Elyvilon
Gozag
Kikubaaqudgha
Nemelex Xobeh
Yredelemnul

Shops:
D:3 :

Annotations:
D:5 2 transporters, Menkaure


Innate Abilities, Weirdness & Mutations

You have a pair of horns on your head.
You reflexively headbutt those who attack you in melee.


Message History

Trog accepts your kill.
You start resting.
Something hits you but does no damage.
Deactivating autopickup; reactivate with Ctrl-A.
You start resting.
Something hits you but does no damage.
You miss something. Something hits you. Something hits you but does no damage.
Something hits you. Something hits you!
Something hits you but does no damage. x2
Something hits you.
* * * LOW HITPOINT WARNING * * *
It was a potion of magic.
Magic courses through your body. Something completely misses you.
You fade into invisibility!
Something hits you.
* * * LOW HITPOINT WARNING * * *
Something hits you but does no damage. Something hits you.
* * * LOW HITPOINT WARNING * * *
There is an open door, spattered with blood here.
Something hits you but does no damage. Something hits you but does no damage.
Something hits you!
* * * LOW HITPOINT WARNING * * *
Something hits you but does no damage.
Something hits you but does no damage. x2
Something hits you.
* * * LOW HITPOINT WARNING * * *
Something hits you.
* * * LOW HITPOINT WARNING * * *
Something hits you.
* * * LOW HITPOINT WARNING * * *
Something completely misses you. Something hits you but does no damage.
You sock something! You freeze something. Your headbutt misses something.
Something hits you but does no damage. x2
You closely miss something. Your headbutt misses something.
You flicker for a moment.
Something hits you.
* * * LOW HITPOINT WARNING * * *
Something hits you but does no damage. Something hits you.
You die...

.# #..O#......#.#....8.8.8.....
.# #/#.#.#..#.#.####...........
.# # . #..##..#.# #####.......
.# ## #..##..#.### #....... .#
+..#.#..#.#...### #....... .#
#..#....).###..)####....... ##
##########.# ###............
#####........#.#######.........#
...........(.'.@...# #........##
.............#####.# #........#
.............#####.# #.....>..#
...................# #........#
...................# #......###
...................# #......#
......#'###........# ####'###
..... #.# ########## #.# ....
#.# #.#


There were no monsters in sight!

Vanquished Creatures
  A yak (D:6)
  A wyvern (D:6)
  Eustachio (D:5)
  2 water moccasins (D:6)
  An ice beast (D:6)
  2 black bears
  An ogre (D:6)
  A phantom (D:6)
  A kobold brigand (D:5)
  3 bullfrogs (D:6)
  2 scorpions (D:5)
  3 hounds (D:5)
  An orc priest (D:3)
  Crazy Yiuf (D:2)
  2 jellies (D:6)
  Jessica (D:2)
  8 iguanas
  2 sleepcaps
  Ijyb (D:4)
  2 orc wizards
  10 adders
  A shadow imp (D:6)
  An ufetubus (D:6)
  3 worms
  2 dart slugs
  19 orcs
  An endoplasm (D:3)
  4 giant cockroaches
  4 hobgoblins
  2 jackals (D:5)
  3 quokkas
  5 ball pythons
  4 bats
  3 frilled lizards
  3 goblins
  10 kobolds
  3 rats
115 creatures vanquished.

Notes
Turn   | Place    | Note
-------+----------+-------------------------------------------
     0 | D:1      | Curundu the Minotaur Berserker began the quest for the Orb.
     0 | D:1      | Reached XP level 1. HP: 19/19 MP: 0/0
   273 | D:1      | Reached skill level 4 in Axes
   322 | D:1      | Reached XP level 2. HP: 27/27 MP: 1/1
   845 | D:2      | Noticed Jessica
   882 | D:2      | Killed Jessica
   883 | D:2      | Reached skill level 5 in Axes
   883 | D:2      | Reached XP level 3. HP: 28/33 MP: 2/2
  1215 | D:2      | Reached XP level 4. HP: 20/40 MP: 3/3
  1332 | D:2      | Found a faded altar of an unknown god.
  1478 | D:2      | Reached skill level 6 in Axes
  1500 | D:2      | Found a runed translucent door.
  1501 | D:2      | Noticed Crazy Yiuf
  1509 | D:2      | Killed Crazy Yiuf
  1868 | D:3      | Found a white marble altar of Elyvilon.
  1905 | D:3      | Noticed a black bear
  1917 | D:3      | Killed a black bear
  1917 | D:3      | Reached ** piety under Trog
  1918 | D:3      | Reached skill level 7 in Axes
  1918 | D:3      | Reached XP level 5. HP: 38/46 MP: 4/4
  1954 | D:3      | Reached skill level 8 in Axes
  2382 | D:3      | Found Plog's Vocational Training.
  2686 | D:4      | Reached XP level 6. HP: 52/52 MP: 5/5
  3164 | D:4      | Noticed Ijyb
  3177 | D:4      | Killed Ijyb
  3454 | D:4      | Found a sparkling altar of Nemelex Xobeh.
  3454 | D:4      | Found an opulent altar of Gozag.
  3685 | D:5      | Entered Level 5 of the Dungeon
  3844 | D:5      | Reached skill level 9 in Axes
  3870 | D:5      | Reached XP level 7. HP: 58/58 MP: 6/6
  3897 | D:5      | Reached skill level 10 in Axes
  4204 | D:5      | Noticed Eustachio
  4283 | D:5      | Killed Eustachio
  4284 | D:5      | Reached skill level 11 in Axes
  4459 | D:5      | Found a basalt altar of Yredelemnul.
  4486 | D:5      | Found a transporter.
  4502 | D:5      | Noticed a vampire
  4503 | D:5      | Found a transporter.
  4503 | D:5      | Found an ancient bone altar of Kikubaaqudgha.
  4507 | D:5      | Noticed Menkaure
  4615 | D:5      | Found a broken altar of Ashenzari.
  4675 | D:5      | Reached XP level 8. HP: 56/66 MP: 7/7
  4917 | D:6      | Reached skill level 12 in Axes
  5251 | D:6      | Reached skill level 13 in Axes
  5256 | D:6      | Found a staircase to the Ecumenical Temple.
  5589 | D:6      | Reached skill level 14 in Axes
  5589 | D:6      | Reached XP level 9. HP: 63/71 MP: 8/8
  5664 | D:6      | HP: 3/71 [something (1)]
  5668 | D:6      | HP: 1/71 [something (3)]
  5669 | D:6      | Slain by an unseen horror

Illustrated notes

Levels and vault maps discovered:
D:1:      dpeg_arrival_long_road, layout_basic, minmay_pentomino_s2
D:2:      layout_rooms, serial_forest, infiniplex_forest_clump_small,
          infiniplex_forest_clump_long, infiniplex_forest_clump_curved,
          infiniplex_forest_lined_1, infiniplex_forest_end_3,
          infiniplex_forest_clump_small,
          hellmonk_ecumenical_altar_defaced_shrine, uniq_crazy_yiuf_cottage,
          uniq_jessica
D:3:      layout_loops_ring, nicolae_elyvilon_temple_path,
          nicolae_shop_vocational
D:4:      layout_loops_ring, grunt_temple_overflow_opulence, uniq_ijyb
D:5:      layout_basic, gammafunk_temple_of_torment,
          nicolae_ashenzari_panopticon, uniq_eustachio
D:6:      minmay_clustersquares, layout_basic,
          minmay_temple_entry_statues_fountains, serial_rivers,
          chequers_serial_rivers_micro_a, chequers_serial_rivers_room_a,
          chequers_serial_rivers_small_3, chequers_serial_rivers_large_a

Skill      XL: |  1  2  3  4  5  6  7  8 |
---------------+-------------------------+-----
Axes           | 4 5 7 8 9 11 14 | 14.7
Fighting       | |  3.7
Armour         | |  2.4
Dodging        | |  2.2

Action                     |  1- 3 |  4- 6 |  7- 9 || total
---------------------------+-------+-------+-------++-------
  Melee: Hand axe          |    68 |     9 |       ||    77
         Headbutt          |     6 |    27 |    29 ||    62
         Quarterstaff      |       |   125 |   184 ||   309
 Invoke: Berserk           |       |     2 |     1 ||     3
         Trog's Hand       |       |     1 |     3 ||     4
  Evoke: Wand              |       |       |     7 ||     7
    Use: Scroll            |     1 |     6 |     9 ||    16
         Potion            |       |       |     2 ||     2
   Stab: Paralysed         |       |       |     1 ||     1
         Petrifying        |       |       |     1 ||     1
 Armour: Animal skin       |     6 |       |       ||     6
         Ring mail         |     3 |       |       ||     3
         Chain mail        |       |    77 |   151 ||   228
  Dodge: Dodged            |    41 |    56 |   123 ||   220
